Map: Ice and Chrome LE

Players

MCanning - Winner!

  • Race: Protoss Protoss
  • Spawn Location: 1:00

Scarlett

  • Race: Zerg Zerg
  • Spawn Location: 7:00

Event: DreamHack SC2 Masters 2020 Fall

VOD

Have the link to the VOD?

Description

Time

  • Played on: Sept. 3, 2020, 4:18 p.m.
  • Length: 19:02

All games in this series

Show
View Real Time Build Order
Export as new Build Order

MCanning Protoss - Winner!

Build Orders: 1 Gate Expand, Carriers 

Get SALT Encoding   

  12  0:00  Probe  
  13  0:12  Probe  
  14  0:20  Pylon  
  14  0:24  Probe  
  15  0:38  Probe (Chrono Boost)  
  15  0:40  Gateway  
  16  0:49  Assimilator, Probe (Chrono Boost)  
  17  0:54  Probe (Chrono Boost)  
  18  1:04  Probe  
  19  1:15  Unknown  
  19  1:16  Unknown, Probe  
  19  1:17  Unknown  
  20  1:23  Nexus  
  20  1:32  Cybernetics Core  
  20  1:35  Probe  
  21  1:43  Assimilator  
  21  1:47  Pylon  
  21  1:50  Probe  
  22  2:03  Probe  
  22  2:04  Unknown  
  22  2:06  Adept (Chrono Boost)  
  23  2:15  Probe  
  26  2:24  Stargate  
  26  2:27  Probe  
  26  2:29  Stalker (Chrono Boost)  
  27  2:36  Probe  
  30  2:39  Probe  
  30  2:42  Warp Gate  
  31  2:48  Probe  
  33  2:51  Probe  
  33  3:00  Void Ray (Chrono Boost), Probe  
  33  3:03  Probe (Chrono Boost)  
  35  3:12  Probe (Chrono Boost)  
  40  3:13  Gateway  
  41  3:21  Probe (Chrono Boost)  
  41  3:22  Pylon  
  41  3:23  Probe (Chrono Boost)  
  42  3:27  Probe (Chrono Boost)  
  42  3:28  Probe (Chrono Boost)  
  42  3:30  Pylon  
  44  3:38  Probe  
  44  3:39  Probe  
  46  3:42  Twilight Council  
  46  3:46  Assimilator  
  46  3:49  Assimilator  
  46  3:50  Probe  
  46  3:51  Probe  
  48  4:01  Gateway x2  
  49  4:02  Probe  
  49  4:04  Gateway  
  49  4:07  Probe  
  49  4:09  Pylon  
  50  4:12  Resonating Glaives (Chrono Boost)  
  50  4:15  Probe  
  51  4:17  Pylon  
  51  4:30  Adept x2  
  55  4:39  Nexus  
  55  4:40  Pylon  
  55  4:51  Adept x2  
  59  4:56  Adept x2  
  59  4:58  Adept, Probe  
  59  4:59  Probe  
  67  5:10  Probe  
  67  5:11  Probe  
  67  5:13  Adept  
  67  5:14  Adept  
  73  5:17  Adept x2  
  77  5:22  Robotics Facility, Probe  
  77  5:23  Probe  
  77  5:24  Assimilator  
  79  5:33  Adept  
  79  5:34  Adept, Probe  
  79  5:35  Probe  
  85  5:44  Forge  
  85  5:45  Gateway  
  85  5:46  Probe  
  86  5:51  Probe  
  86  5:53  Probe  
  88  5:58  Probe  
  88  6:01  Adept x4  
  88  6:02  Adept  
  88  6:03  Probe  
  96  6:06  Blink (Chrono Boost)  
  96  6:09  Probe  
  97  6:11  Phoenix (Chrono Boost)  
  97  6:17  Probe  
  100  6:22  Probe  
  100  6:25  Protoss Ground Weapons Level 1  
  95  6:27  Probe  
  95  6:29  Assimilator, Probe  
  97  6:33  Phoenix (Chrono Boost)  
  97  6:40  Probe  
  92  6:52  Phoenix, Probe  
  87  6:54  Gateway  
  87  6:55  Adept x3, Gateway  
  87  6:56  Adept  
  87  7:00  Pylon, Photon Cannon  
  87  7:04  Photon Cannon  
  87  7:06  Shield Battery  
  87  7:07  Zealot x2  
  91  7:13  Photon Cannon  
  91  7:14  Observer  
  92  7:21  Phoenix  
  94  7:24  Stalker x2  
  94  7:25  Stalker  
  94  7:26  Probe x2  
  94  7:29  Assimilator  
  96  7:32  Probe  
  94  7:39  Probe  
  94  7:42  Probe  
  94  7:43  Immortal (Chrono Boost)  
  96  7:45  Robotics Bay  
  96  7:50  Charge (Chrono Boost)  
  100  7:52  Probe (Chrono Boost)  
  100  7:55  Stalker x2  
  100  7:56  Pylon  
  106  7:59  Probe (Chrono Boost)  
  106  8:04  Probe (Chrono Boost)  
  106  8:05  Probe (Chrono Boost)  
  107  8:08  Probe  
  109  8:19  Robotics Facility  
  109  8:24  Pylon  
  109  8:27  Pylon  
  109  8:30  Zealot  
  109  8:31  Zealot x2  
  109  8:32  Nexus, Pylon  
  115  8:39  Colossus (Chrono Boost)  
  113  8:42  Extended Thermal Lance (Chrono Boost)  
  113  8:43  Protoss Ground Weapons Level 2 (Chrono Boost)  
  113  8:51  Gateway  
  113  8:52  Gateway, Probe  
  113  8:54  Photon Cannon  
  114  8:56  Sentry  
  114  8:57  Sentry  
  116  9:05  Photon Cannon  
  116  9:07  Shield Battery  
  116  9:08  Zealot  
  116  9:09  Zealot  
  120  9:11  Sentry  
  120  9:15  Colossus (Chrono Boost)  
  128  9:26  Probe  
  128  9:27  Probe x2  
  131  9:33  Disruptor (Chrono Boost)  
  131  9:38  Probe  
  135  9:41  Probe, Photon Cannon  
  135  9:42  Shield Battery  
  135  9:43  Photon Cannon  
  136  9:46  Probe  
  136  9:48  Pylon  
  136  9:51  Templar Archives  
  137  9:56  Zealot x2  
  137  9:57  Zealot x2  
  137  9:58  Disruptor (Chrono Boost)  
  145  10:02  Stalker  
  145  10:05  Probe  
  151  10:11  Fleet Beacon  
  151  10:13  Disruptor (Chrono Boost)  
  155  10:21  Probe  
  155  10:22  Assimilator  
  155  10:26  Assimilator  
  155  10:27  Probe  
  156  10:29  Warp Prism, Pylon, Photon Cannon  
  158  10:41  Zealot x3  
  164  10:45  Pylon  
  164  10:46  Pylon  
  164  10:51  Stargate, Observer  
  165  10:57  Protoss Air Weapons Level 1 (Chrono Boost)  
  165  10:59  Psionic Storm  
  165  11:00  Stalker x2  
  165  11:01  Stalker  
  165  11:03  Mothership (Chrono Boost)  
  179  11:09  Disruptor (Chrono Boost)  
  182  11:22  Zealot x3, Pylon  
  187  11:35  Nexus, Pylon  
  187  11:36  Disruptor (Chrono Boost)  
  187  11:37  Pylon  
  187  11:40  Protoss Ground Weapons Level 3 (Chrono Boost)  
  187  11:43  Zealot x4  
  195  11:57  Photon Cannon  
  195  11:58  Photon Cannon  
  195  12:00  Photon Cannon  
  195  12:13  Carrier  
  199  12:17  Zealot x2  
  199  12:18  Zealot  
  199  12:22  Zealot x2  
  199  12:25  Probe  
  185  12:45  Zealot x4  
  185  12:46  Zealot x2  
  186  13:00  Carrier (Chrono Boost)  
  182  13:10  Zealot x2  
  182  13:11  Stargate  
  182  13:12  Stargate  
  180  13:13  Dark Shrine  
  180  13:18  Carrier (Chrono Boost)  
  184  13:27  Zealot x2, Probe  
  179  13:28  Zealot  
  179  13:32  Assimilator  
  186  13:34  Observer x2 (Chrono Boost)  
  186  13:36  Assimilator  
  186  13:38  Pylon  
  186  13:40  High Templar x5  
  197  13:47  Zealot x3  
  197  13:48  Zealot  
  195  13:49  Zealot  
  197  13:59  Protoss Air Weapons Level 2  
  197  14:14  Carrier (Chrono Boost)  
  199  14:20  Shadow Stride (Chrono Boost)  
  199  14:21  Photon Cannon x2  
  199  14:23  Shield Battery  
  199  14:26  Shield Battery  
  199  14:28  Shield Battery  
  199  14:32  Carrier (Chrono Boost)  
  199  14:50  Protoss Shields Level 1 (Chrono Boost)  
  191  15:06  Dark Templar  
  191  15:07  Dark Templar x2  
  189  15:12  Dark Templar  
  189  15:14  Warp Prism (Chrono Boost)  
  189  15:16  Carrier  
  197  15:23  Pylon  
  190  16:08  Carrier (Chrono Boost)  
  197  16:11  Probe  
  197  16:17  Protoss Air Armor Level 1 (Chrono Boost)  
  197  16:21  Photon Cannon  
  195  16:29  Probe  
  196  16:34  Zealot x2  
  196  16:35  Zealot  
  192  16:53  Nexus  
  192  16:59  Photon Cannon  
  192  17:01  Photon Cannon  
  192  17:03  Photon Cannon  
  192  17:05  Photon Cannon  
  192  17:06  Carrier (Chrono Boost)  
  192  17:07  Shield Battery  
  192  17:13  Pylon  
  196  17:20  Nexus  
  196  17:24  Assimilator  
  196  17:29  Assimilator  
  196  17:31  Pylon  
  196  17:36  Photon Cannon  
  196  17:39  Photon Cannon  
  196  17:41  Photon Cannon  
  196  17:42  Pylon  
  196  17:43  Shield Battery  
  194  17:46  Dark Templar x4  
  185  18:14  Void Ray x3  
  185  18:15  Assimilator  
  185  18:19  Void Ray  
  181  18:26  Probe  
  190  18:38  Archon  
  161  18:51  Zealot  
  161  18:52  Zealot x4  
  161  18:53  Zealot x5  
Show
View Real Time Build Order
Export as new Build Order

Scarlett Zerg 

Build Orders: Hatch First, Lurkers 

Get SALT Encoding   

  12  0:00  Drone  
  13  0:12  Overlord  
  13  0:17  Drone  
  14  0:30  Drone  
  14  0:31  Drone  
  16  0:47  Hatchery  
  15  0:50  Drone  
  15  0:54  Drone  
  18  0:57  Drone  
  18  1:08  Extractor  
  17  1:11  Spawning Pool  
  17  1:15  Drone  
  17  1:18  Drone  
  18  1:22  Unknown  
  18  1:23  Unknown x2  
  18  1:28  Drone  
  19  1:39  Drone  
  20  1:49  Drone  
  21  1:58  Queen x2  
  21  1:59  Overlord, Zergling x2  
  26  2:01  Unknown  
  26  2:10  Drone  
  26  2:11  Drone, Metabolic Boost  
  28  2:21  Drone  
  28  2:22  Drone  
  30  2:32  Hatchery  
  30  2:35  Zergling x2  
  30  2:37  Drone  
  30  2:42  Drone  
  30  2:43  Overlord  
  32  2:49  Queen  
  34  2:52  Drone  
  34  2:54  Drone  
  36  3:04  Drone  
  37  3:07  Drone x4  
  41  3:13  Queen  
  41  3:14  Overlord  
  43  3:22  Drone  
  44  3:29  Overlord  
  44  3:35  Drone  
  44  3:37  Drone  
  46  3:41  Drone  
  46  3:42  Drone x5  
  46  3:44  Queen  
  46  3:45  Queen  
  56  3:53  Overlord  
  56  3:54  Drone, Overlord  
  57  4:02  Overlord  
  57  4:03  Drone  
  57  4:05  Lair  
  58  4:14  Drone, Overlord  
  58  4:15  Drone x4  
  63  4:19  Spore Crawler  
  63  4:21  Extractor x2  
  60  4:25  Zergling x4  
  60  4:26  Queen  
  60  4:30  Drone  
  60  4:31  Drone x3  
  67  4:38  Drone x6  
  73  4:41  Extractor  
  73  4:42  Extractor  
  71  4:51  Overlord  
  71  4:52  Drone  
  72  4:55  Drone x3  
  72  4:59  Zergling x4  
  80  5:00  Zergling x6  
  80  5:05  Extractor, Spire  
  80  5:06  Overlord, Overseer  
  78  5:09  Drone x5  
  83  5:15  Drone  
  83  5:19  Evolution Chamber  
  82  5:22  Drone  
  82  5:23  Drone x3, Spore Crawler  
  85  5:29  Hatchery  
  85  5:31  Zergling x6  
  86  5:36  Zergling x2  
  86  5:37  Zergling x4  
  86  5:40  Spine Crawler, Zergling x2  
  86  5:41  Zergling x2  
  89  5:43  Zergling x2  
  89  5:44  Zergling x2  
  89  5:49  Zergling x6  
  94  5:54  Zergling x2  
  95  6:03  Zergling x10  
  86  6:18  Mutalisk x5  
  82  6:20  Zerg Flyer Weapons Level 1  
  85  6:25  Mutalisk  
  82  6:34  Mutalisk x3  
  85  6:46  Mutalisk x2  
  81  6:52  Overseer  
  78  6:55  Drone x4  
  81  7:03  Hydralisk Den  
  80  7:10  Drone  
  80  7:11  Drone x5  
  86  7:18  Drone  
  86  7:20  Zerg Missile Weapons Level 1  
  87  7:29  Drone x2  
  85  7:40  Drone x6  
  85  7:41  Grooved Spines  
  87  7:45  Drone x2, Lurker Den  
  87  7:46  Infestation Pit  
  87  7:51  Hydralisk  
  87  7:53  Hydralisk  
  87  7:55  Drone  
  87  7:56  Drone  
  93  8:09  Drone x2  
  93  8:11  Drone, Overlord x2  
  93  8:12  Overlord x2  
  95  8:17  Spore Crawler  
  94  8:23  Overlord x3  
  94  8:26  Drone  
  95  8:32  Hydralisk  
  95  8:33  Hydralisk x3  
  102  8:48  Drone  
  103  8:49  Drone  
  103  8:50  Hydralisk x7  
  103  8:53  Drone x2  
  120  8:57  Zergling x2  
  120  9:00  Hive  
  121  9:05  Lurker x5  
  121  9:08  Hydralisk  
  128  9:10  Overseer  
  128  9:16  Hydralisk  
  128  9:17  Hydralisk x2  
  128  9:22  Spore Crawler  
  128  9:23  Drone x6  
  139  9:31  Zerg Missile Weapons Level 2  
  138  9:34  Drone  
  138  9:35  Drone x6  
  145  9:39  Drone  
  145  9:40  Drone x3  
  145  9:43  Lurker x2, Extractor  
  145  9:44  Extractor  
  149  9:52  Hydralisk  
  149  9:54  Overlord x4  
  151  10:06  Overlord  
  151  10:13  Adaptive Talons  
  151  10:19  Drone x4  
  151  10:20  Drone x2, Hydralisk  
  151  10:21  Hydralisk x7  
  173  10:28  Drone x2  
  173  10:29  Spine Crawler  
  173  10:37  Hatchery  
  169  10:44  Adrenal Glands  
  169  10:45  Zerg Flyer Weapons Level 2  
  169  10:48  Evolution Chamber  
  168  10:55  Overseer  
  168  10:59  Lurker  
  168  11:00  Lurker x3  
  168  11:01  Zergling x24, Hatchery  
  183  11:13  Overlord x2  
  183  11:32  Pathogen Glands  
  183  11:37  Extractor  
  183  11:38  Extractor  
  177  11:40  Muscular Augments  
  178  11:47  Drone x3  
  178  11:48  Drone x3  
  183  11:59  Spine Crawler  
  183  12:00  Spine Crawler  
  181  12:01  Hydralisk  
  181  12:02  Hydralisk x8  
  181  12:03  Spine Crawler  
  191  12:21  Viper  
  191  12:22  Viper x3  
  189  12:33  Hydralisk  
  189  12:34  Hydralisk x5  
  189  12:35  Zergling x4  
  130  13:00  Drone  
  130  13:01  Drone x9  
  130  13:04  Drone x11  
  130  13:05  Drone x4  
  123  13:12  Drone x5, Queen x2  
  128  13:13  Drone  
  128  13:14  Drone x2  
  134  13:26  Drone  
  133  13:27  Drone x4  
  133  13:33  Hydralisk x5  
  145  13:43  Lurker Den  
  145  13:44  Drone  
  145  13:54  Hydralisk x6  
  157  13:58  Hatchery  
  157  14:01  Overseer  
  157  14:02  Hydralisk x6  
  156  14:03  Hydralisk  
  156  14:05  Queen x3  
  156  14:06  Queen  
  178  14:13  Viper x2  
  184  14:21  Spine Crawler  
  184  14:23  Spine Crawler x2  
  181  14:24  Spine Crawler  
  181  14:25  Spire  
  181  14:26  Drone  
  181  14:27  Evolution Chamber  
  181  14:28  Drone x2  
  181  14:32  Evolution Chamber  
  180  14:41  Hydralisk x3  
  180  14:42  Hydralisk  
  180  14:44  Lurker x3  
  180  14:45  Lurker  
  188  15:04  Spire  
  188  15:05  Zerg Missile Weapons Level 3, Zerg Melee Weapons Level 1  
  186  15:08  Drone x3, Extractor  
  186  15:09  Drone x2  
  186  15:10  Drone x5  
  186  15:11  Drone  
  196  15:23  Spine Crawler  
  196  15:25  Spore Crawler  
  183  16:08  Hydralisk Den  
  183  16:10  Hatchery  
  173  16:22  Zerg Flyer Armor Level 1  
  158  16:36  Drone x4  
  156  16:44  Drone x3  
  156  16:45  Drone x2  
  156  16:46  Drone  
  159  16:47  Overseer x2  
  152  17:09  Corruptor  
  152  17:10  Corruptor x9  
  170  17:17  Spore Crawler  
  170  17:18  Spine Crawler  
  168  17:24  Lurker x3  
  168  17:28  Drone x3  
  168  17:29  Drone x2  
  176  17:30  Drone x6  
  176  17:36  Corruptor x4  
  190  17:38  Spore Crawler x3  
  185  17:50  Drone x4  
  187  17:53  Spore Crawler x2  
  187  17:54  Spore Crawler  
  187  17:55  Spore Crawler  
  177  18:07  Drone x3  
  177  18:09  Spore Crawler  
  177  18:10  Spore Crawler  
  175  18:13  Hatchery  
  155  18:26  Viper x3  
  146  18:28  Drone x3  
  146  18:33  Spire  

Tags
 
Add a new tag
Caveats
  • Supply blocks, unpowered buildings, or Contaminate may cause inaccurate times.
  • Supply counts are checked every 10 seconds.